 Dungeon Crawl Stone Soup version 0.29-a0-982-gaed3a0c8d8 (webtiles) character file.

Game seed: 7716304253548553313

417 gelatine the Magician (level 7, -3/45 HPs)
             Began as a Djinni Fire Elementalist on Aug 1, 2022.
             Slain by a sky beast (4 damage)
             ... on level 5 of the Dungeon.
             The game lasted 00:16:22 (4813 turns).

gelatine the Magician (Djinni Fire Elementalist)    Turns: 4813, Time: 00:16:23

Health: -3/45      AC:  3    Str:  7    XL:     7   Next: 15%
Gold:   281        EV: 12    Int: 18    God:
                   SH:  0    Dex: 14

rFire   + + +      SeeInvis .   d - +5 dagger (drain)
rCold   x . .      Faith    .   (no shield)
rNeg    + . .      Spirit   .   l - +0 leather armour "Pavaorch" {rN+}
rPois   ∞          Reflect  .   (helmet currently unavailable)
rElec   .          Harm     .   (no cloak)
rCorr   .          Rampage  .   (no gloves)
Will    .....                   (boots unavailable)
Stlth   ++........              (no amulet)
HPRegen 0.15/turn               c - ring of wizardry
MPRegen 0.00/turn               h - ring of protection from fire

@: mighty, appendages (expiring), flying
A: horns 2, flying, sickness immunity, fire resistance 2, cold vulnerability 1,
float, innate caster, HP casting, extra vitality 1
a: End Transformation


You were on level 5 of the Dungeon.
You had temporarily grown beastly horns.
You visited 1 branch of the dungeon, and saw 5 of its levels.

You collected 281 gold pieces.

Inventory:

Hand Weapons
 d - a +5 dagger of draining (weapon)
 i - a +2 dagger of holy wrath
Armour
 j - a +3 ring mail
 l - the +0 leather armour "Pavaorch" (worn) {rN+}
   (You took it off a goblin on level 2 of the Dungeon)

   rN:        It protects you from negative energy.
 o - a +1 robe of fire resistance
Jewellery
 c - a ring of wizardry (left hand)
 h - a ring of protection from fire (right hand)
Scrolls
 a - a scroll of brand weapon
 m - a scroll of noise
 s - 2 scrolls of poison
Potions
 b - a potion of ambrosia {unknown}
 f - a potion of might
 g - a potion of berserk rage {unknown}
 k - 3 potions of curing {unknown}
 p - 2 potions of flight {unknown}


   Skills:
 + Level 0.3 Fighting
 + Level 0.6 Short Blades
 + Level 1.2 Armour
 + Level 2.5 Dodging
 + Level 2.3 Stealth
 + Level 5.2 Spellcasting


You couldn't memorise any spells.
You knew the following spells:

 Your Spells              Type           Power      Damage    Failure   Level
a - Foxfire               Conj/Fire      92%        2x1d8     1%          1
b - Scorch                Fire           46%        2d7       1%          2
c - Conjure Flame         Conj/Fire      23%        6-21      2%          3
d - Inner Flame           Hex/Fire       23%        N/A       2%          3
e - Flame Wave            Conj/Fire      23%        2d8       9%          4
f - Beastly Appendage     Tmut           46%        N/A       1%          1
g - Searing Ray           Conj           46%        2d6       1%          2
h - Tukima's Dance        Hex            23%        N/A       2%          3
Your spell library was empty.

Dungeon Overview and Level Annotations

Branches:
Dungeon (5/15)
 Temple: D:4-7

Altars:
Gozag
Nemelex Xobeh
Ru
Xom
Yredelemnul


Innate Abilities, Weirdness & Mutations

You have temporarily grown beastly horns.
You are flying.
You are immune to sickness and miasma.
You are immune to poison.
Your flesh is very heat resistant. (rF++)
You are vulnerable to cold. (rC-)
You float through the air rather than walking.
You learn spells naturally, not from books.
Your magical power is your life essence.
You have superior vitality. (+4 MHP)


Message History

* * * LOW HITPOINT WARNING * * *
You feel much better. The sky beast closely misses you.
You barely miss the sky beast.
The sky beast is moderately wounded.
The sky beast closely misses you.
You hit the sky beast.
The sky beast is moderately wounded.
The sky beast flickers out of sight!
Deactivating autopickup; reactivate with Ctrl-A.
Something barely misses you.
You barely miss something. Your punch misses something. Something hits you.
Something shocks you.
You closely miss something. Something hits you. Something shocks you.
You closely miss something. Something hits you but does no damage.
You miss something. Your headbutt misses something.
Something hits you but does no damage.
You closely miss something. Something hits you but does no damage.
You miss something. Something completely misses you.
You hit something. Your headbutt misses something. You closely miss something.
Something hits you but does no damage.
You closely miss something. Something hits you but does no damage.
You barely miss something. Something hits you. Something shocks you.
You hit something. Something hits you but does no damage.
You hit something. Something hits you but does no damage.
You miss something. Something hits you.
* * * LOW HITPOINT WARNING * * *
Something shocks you.
* * * LOW HITPOINT WARNING * * *
You closely miss something. Your headbutt misses something.
Your transformation is almost over.
Something hits you.
* * * LOW HITPOINT WARNING * * *
Something shocks you.
* * * LOW HITPOINT WARNING * * *
It was a potion of might.
You feel very mighty all of a sudden. Something hits you.
* * * LOW HITPOINT WARNING * * *
Something shocks you.
You die...

*,** **,....###
*..## ** *,*
**...#* *.##
*,* **..* *#.*
*,* *,,* *##
*#* *,* *,,*
**_## **,* *,,*
*,..* **,,*
*,,####'##**
,,,**
#.##.#...#,**
,,**
#....{@8.+,_*
,**
#.##.#...#,**
,* ***#*##+##**
,** *,,,* ,,**
**** **_**
,,,******,,****
***
***,,,,,,,,,,,*
***,,,,>,,,,*
***********


There were no monsters in sight!

Vanquished Creatures
  An ogre (D:4)
  A howler monkey (D:4)
  A jelly (D:4)
  Jessica (D:3)
  2 iguanas (D:4)
  7 adders
  An ufetubus (D:5)
  2 worms
  3 dart slugs
  10 orcs
  9 ball pythons
  6 endoplasms
  2 giant cockroaches
  11 goblins
  4 hobgoblins
  3 jackals (D:4)
  4 quokkas
  6 bats
  3 frilled lizards
  9 kobolds
  8 rats
94 creatures vanquished.

Vanquished Creatures (collateral kills)
  A kobold (D:4)
1 creature vanquished.

Vanquished Creatures (others)
  327 foxfires
327 creatures vanquished.

Grand Total: 422 creatures vanquished

Notes
Turn   | Place    | Note
-------+----------+-------------------------------------------
     0 | D:1      | gelatine the Djinni Fire Elementalist began the quest for
                  | the Orb.
     0 | D:1      | gelatine set off with the following spells memorised:
                  | Foxfire, Scorch, Conjure Flame, Inner Flame, Flame Wave.
     0 | D:1      | Reached XP level 1. HP: 15/15 MP: 0/0
   302 | D:1      | Reached XP level 2. HP: 18/21 MP: 0/0
   531 | D:1      | Found a faded altar of an unknown god.
   636 | D:1      | Reached skill level 3 in Spellcasting
   876 | D:1      | Reached XP level 3. HP: 20/25 MP: 0/0
   876 | D:1      | Learned a level 1 spell: Beastly Appendage
  1412 | D:2      | Reached XP level 4. HP: 28/31 MP: 0/0
  2076 | D:2      | Identified the +0 leather armour "Pavaorch" {rN+}
  2812 | D:3      | Found a faded altar of an unknown god.
  2916 | D:3      | Noticed Jessica
  2926 | D:3      | Killed Jessica
  2927 | D:3      | Reached skill level 4 in Spellcasting
  2927 | D:3      | Reached XP level 5. HP: 28/35 MP: 0/0
  2927 | D:3      | Learned a level 2 spell: Searing Ray
  3404 | D:3      | Found an opulent altar of Gozag.
  3423 | D:4      | Noticed an ogre
  3455 | D:3      | Found a shimmering altar of Xom.
  3510 | D:4      | Killed an ogre
  3511 | D:4      | Reached XP level 6. HP: 35/40 MP: 0/0
  3702 | D:4      | Reached skill level 1 in Armour
  3869 | D:4      | Reached skill level 5 in Spellcasting
  3872 | D:4      | Reached XP level 7. HP: 34/45 MP: 0/0
  3872 | D:4      | Learned a level 3 spell: Tukima's Dance
  4405 | D:4      | Found a sparkling altar of Nemelex Xobeh.
  4420 | D:4      | Found a sacrificial altar of Ru.
  4735 | D:5      | Entered Level 5 of the Dungeon
  4772 | D:5      | Found a basalt altar of Yredelemnul.
  4813 | D:5      | HP: 1/45 [something (2)]
  4813 | D:5      | Slain by a sky beast

Illustrated notes

Levels and vault maps discovered:
D:1:      psy_arrival_dodecagon, layout_loops_cross,
          hellmonk_ecumenical_altar_heavens_door, minmay_close_crescents
D:2:      layout_basic, minmay_pentomino_q4
D:3:      layout_basic, nicolae_overflow_ecumenical_swirl,
          nicolae_gozag_cash_rules_everything_around_me,
          kennysheep_jessica_study
D:4:      layout_cave_pools, nicolae_ru_great_annihilating_truth,
          mainiacjoe_overflow_alcove_1, kennysheep_potato
D:5:      layout_layer_cave, grunt_temple_overflow_diamond, uniq_ijyb

Skill      XL: |  1  2  3  4  5  6 |
---------------+-------------------+-----
Spellcasting   | 3 4 5 |  5.2
Stealth        | 2 |  2.3
Armour         | 1 |  1.2
Fighting       | |  0.3
Short Blades   | |  0.6
Dodging        | |  2.5

Action                   |  1- 3 |  4- 6 |  7- 9 || total
-------------------------+-------+-------+-------++-------
Melee: Unarmed           |     3 |       |       ||     3
       Dagger            |     1 |     6 |    20 ||    27
 Cast: Foxfire           |    47 |   117 |    33 ||   197
       Scorch            |     4 |     3 |     1 ||     8
       Searing Ray       |       |     2 |     2 ||     4
       Tukima's Dance    |       |       |     4 ||     4
       Inner Flame       |       |       |     1 ||     1
       Beastly Appendage |       |       |     1 ||     1
       Flame Wave        |       |       |     1 ||     1
  Use: Scroll            |       |     2 |     8 ||    10
       Potion            |       |       |     2 ||     2
 Stab: Paralysed         |       |       |     1 ||     1
Armor: Robe              |     1 |       |       ||     1
       Leather armour    |       |     1 |    10 ||    11
Dodge: Dodged            |     5 |     6 |     9 ||    20

Table legend: (Time is in decaauts)
 A = Elapsed time spent in this place.
 B = Non-inter-level travel time spent in this place.
 C = Inter-level travel time spent in this place.
 D = Time resting spent in this place.
 E = Time spent auto-exploring this place.
 F = Levels seen in this place.
 G = Mean time per level.
                   A        B        C        D        E       F      G
               +--------+--------+--------+--------+--------+-----+--------+
         Total |   4810 |   4513 |    297 |      0 |   3879 |   5 |  962.0 |
       Dungeon |   4810 |   4513 |    297 |      0 |   3879 |   5 |  962.0 |
               +--------+--------+--------+--------+--------+-----+--------+

Top non-repeatable levels by time:
     D:2: 1400 daAuts
     D:4: 1233 daAuts
     D:1: 1186 daAuts
     D:3: 912 daAuts
     D:5: 77 daAuts
